 Dungeon Crawl Stone Soup version 0.32-a0-40-g2adb59ae06 (webtiles) character file.

Game seed: 8859136716785741882

627 lunkers the Scholar of Death (level 7, -4/46 HPs)
             Began as a Demonspawn Necromancer on Jan 24, 2024.
             Was a Follower of Kikubaaqudgha.
             Killed from afar by an orc wizard (8 damage)
             ... with a puff of flame
             ... on level 6 of the Dungeon.
             The game lasted 00:08:53 (4582 turns).

lunkers the Scholar of Death (DsNe)                 Turns: 4582, Time: 00:08:53

Health: -4/46      AC:  7    Str:  8    XL:     7   Next: 23%
Magic:  1/13       EV: 11    Int: 17    God:    Kikubaaqudgha [*.....]
Gold:   286        SH:  0    Dex: 14    Spells: 4/15 levels left

rFire   . . .        d - +0 dagger
rCold   . . .        (no shield)
rNeg    . . .        s - +0 leather armour
rPois   .            (helmet restricted)
rElec   .            (no cloak)
rCorr   .            i - +0 pair of gloves
SInv    .            (no boots)
Will    +....        (no amulet)
Stlth   ++           (no ring)
HPRegen 0.27/turn    (no ring)
MPRegen 0.13/turn

%: no passive effects
@: enlightened, flying
A: horns 1, molten scales 2, demonic guardian 2
a: Renounce Religion, Unearth Wretches


You were on level 6 of the Dungeon.
You worshipped Kikubaaqudgha.
Kikubaaqudgha was aware of your devotion.
You visited 1 branch of the dungeon, and saw 6 of its levels.

You collected 286 gold pieces.

Inventory:

Hand Weapons
 d - a +0 dagger (weapon)
 k - a +1 dagger of holy wrath
 v - a +1 short sword of distortion
Armour
 a - a +0 robe
 h - a +0 helmet
 i - a +0 pair of gloves (worn)
 r - a +0 ring mail
 s - a +0 leather armour (worn)
Talismans
 t - a serpent talisman
 y - a storm talisman
Wands
 w - a wand of mindburst (13)
Scrolls
 c - a scroll of fog {unknown}
 j - a scroll of noise {unknown}
 l - 2 scrolls of immolation {unknown}
 n - 3 scrolls of identify
 o - a scroll of vulnerability {unknown}
 p - a scroll of enchant armour {unknown}
 x - 2 scrolls of teleportation
Potions
 b - a potion of magic
 e - 2 potions of degeneration
 f - 2 potions of enlightenment
 g - a potion of berserk rage {unknown}
 m - 3 potions of heal wounds {unknown}
 q - a potion of resistance {unknown}
 u - 3 potions of curing
 z - a potion of might {unknown}
 A - a potion of haste {unknown}


   Skills:
 - Level 1.7 Dodging
 - Level 1.7 Stealth
 + Level 4.5 Spellcasting
 * Level 8.3 Necromancy


You had 4 spell levels left.
You knew the following spells:

 Your Spells              Type           Power      Damage    Failure   Level
a - Necrotise             Necr           100%       1d9       1%          1
b - Vampiric Draining     Necr           32%        2d8       2%          3
c - Animate Dead          Necr           32%        N/A       7%          4
d - Fugue of the Fallen   Necr           32%        N/A       2%          3

Your spell library contained the following spells:

 Spells                   Type           Power      Damage    Failure   Level
 Kiss of Death            Conj/Necr      72%        2d10      4%          1
 Cigotuvi's Dreadful Rot  Necr/Alch/Air  26%        N/A       11%         2
 Apportation              Tloc           6%         N/A       22%         1
 Foxfire                  Conj/Fire      12%        2x1d4     22%         1
 Jinxbite                 Hex            6%         N/A       32%         2
 Curse of Agony           Necr           32%        N/A       21%         5
 Alistair's Intoxication  Alch           2%         N/A       99%         5
 Plasma Beam              Fire/Air       1%         2x1d11    100%        6
 Starburst                Conj/Fire      1%         6d3       100%        6


Dungeon Overview and Level Annotations

Branches:
Dungeon (6/15)
 Temple: D:4-7

Altars:
Ashenzari
Cheibriados
Gozag
Kikubaaqudgha
Ru
Yredelemnul


Innate Abilities, Weirdness & Mutations

You have a pair of small horns on your head.
You are mostly covered in molten scales. (AC +3)
A demonic guardian rushes to your aid.


Message History

Press: ? - help, Shift-Dir - straight line, f/p - orc wizard
Aim: an orc wizard, wielding a +0 dagger and wearing a +0 robe (heavily wounded, ally target)
You draw life force from the orc wizard.
You kill the orc wizard!
Kikubaaqudgha accepts your kill.
You feel life coursing into your body. Something hits you but does no damage.
Unknown command.
Casting: Vampiric Draining (dangerous; 2% risk of failure)
Confirm with . or Enter, or press ? or * to list all spells.
Aiming: Vampiric Draining (dangerous; 2% risk of failure)
Press: ? - help, Shift-Dir - straight line You draw life force from something.
You feel life coursing into your body.
* * * LOW MAGIC WARNING * * *
Something hits you.
* * * LOW HITPOINT WARNING * * *
Your hellwing hits the orc!
The orc dies!
Kikubaaqudgha accepts your kill.
Unknown command.
You closely miss something.
You hear some strange, mumbled words.
A puff of flame appears from out of thin air!
The puff of flame hits you.
* * * LOW HITPOINT WARNING * * *
The orc closely misses you.
Unknown command.
Unknown command.
You hit the orc but do no damage.
You hear some strange, mumbled words.
A puff of flame appears from out of thin air!
The puff of flame hits you!
* * * LOW HITPOINT WARNING * * *
The orc hits you but does no damage.
Unknown command.
You barely miss the orc.
You hear some strange, mumbled words.
A puff of flame appears from out of thin air!
The puff of flame hits you!
You die...
Kikubaaqudgha rasps: "You have failed me!
Welcome... death!"

######<.#.####...#
...........# #..##
##.........# #..#
#.#####<..# #..#
#.######..###..#
## ..............#
...........##.#.#
#..######.##.#.#
###..##@{...##...#
....ooo4).####..##
####.##)#.# #..# #
#.#.# #### #.#o#
..... .....
#..#..# #..#..#


You could see 3 orcs and a friendly hellwing (summoned).

Vanquished Creatures
  A black bear (D:5)
  2 scorpions (D:5)
  A hound (D:5)
  An orc priest (D:5)
  2 iguanas (D:6)
  Jessica (D:2)
  A sleepcap (D:6)
  2 orc wizards (D:6)
  A gnoll (D:5)
  3 adders
  2 shadow imps (D:5)
  3 ufetubi
  2 dart slugs
  4 orcs
  3 ball pythons
  3 endoplasms (D:1)
  3 giant cockroaches
  13 goblins
  4 hobgoblins
  4 jackals (D:1)
  A quokka (D:1)
  5 bats
  3 frilled lizards
  5 kobolds
  4 rats
74 creatures vanquished.

Vanquished Creatures (collateral kills)
  A jelly (D:5)
  2 gnolls (D:5)
  An ufetubus (D:5)
  6 orcs
  A bat (D:1)
  An endoplasm (D:3)
12 creatures vanquished.

Grand Total: 86 creatures vanquished

Notes
Turn   | Place    | Note
-------+----------+-------------------------------------------
     0 | D:1      | lunkers the Demonspawn Necromancer began the quest for the
                  | Orb.
     0 | D:1      | Reached XP level 1. HP: 13/13 MP: 3/3
   213 | D:1      | Gained mutation: You are partially covered in molten
                  | scales. (AC +2) [demonic ancestry]
   213 | D:1      | Reached XP level 2. HP: 19/19 MP: 0/5
   285 | D:1      | Reached skill level 5 in Necromancy
   494 | D:1      | Gained mutation: A weak demonic guardian rushes to your
                  | aid. [demonic ancestry]
   494 | D:1      | Reached XP level 3. HP: 24/24 MP: 3/6
   498 | D:1      | Learned a level 3 spell: Vampiric Draining
   933 | D:2      | Noticed Jessica
   938 | D:2      | Killed Jessica
  1454 | D:2      | Gained mutation: You have a pair of small horns on your
                  | head. [demonic ancestry]
  1454 | D:2      | Reached XP level 4. HP: 30/30 MP: 6/8
  2325 | D:3      | Found an ancient bone altar of Kikubaaqudgha.
  2360 | D:3      | Became a worshipper of Kikubaaqudgha
  2397 | D:3      | Learned a level 4 spell: Animate Dead
  2678 | D:4      | You fall into a shaft and drop 1 floor!
  2678 | D:5      | Entered Level 5 of the Dungeon
  2692 | D:5      | Noticed a scorpion
  2699 | D:5      | Killed a scorpion
  2700 | D:5      | Reached skill level 6 in Necromancy
  2700 | D:5      | Gained mutation: A demonic guardian rushes to your aid.
                  | [demonic ancestry]
  2700 | D:5      | Reached XP level 5. HP: 35/35 MP: 3/9
  3152 | D:5      | Reached * piety under Kikubaaqudgha
  3152 | D:5      | Received a gift from Kikubaaqudgha
  3153 | D:5      | Reached skill level 7 in Necromancy
  3153 | D:5      | Gained mutation: You are mostly covered in molten scales.
                  | (AC +3) [demonic ancestry]
  3153 | D:5      | Reached XP level 6. HP: 36/41 MP: 5/11
  3157 | D:5      | Learned a level 3 spell: Fugue of the Fallen
  3308 | D:5      | Found a faded altar of an unknown god.
  3308 | D:5      | Found a snail-covered altar of Cheibriados.
  3316 | D:5      | Found a basalt altar of Yredelemnul.
  3318 | D:5      | Found a broken altar of Ashenzari.
  3320 | D:5      | Found an opulent altar of Gozag.
  4246 | D:6      | Found a sacrificial altar of Ru.
  4328 | D:6      | Reached skill level 8 in Necromancy
  4328 | D:6      | Reached XP level 7. HP: 17/46 MP: 13/13
  4582 | D:6      | Killed from afar by an orc wizard

Illustrated notes

Levels and vault maps discovered:
D:1:      enne_arrival_octagon_isle, layout_basic
D:2:      layout_basic, uniq_jessica
D:3:      layout_rooms, nicolae_kikubaaqudgha_miasma_corner,
          dreamdust_princess_corridor
D:4:      layout_basic, nemelex_diamond_rough_becter, old_standard_altar,
          okawaru_gym_becter, minivault_23
D:5:      layout_basic, chequers_temple_overflow_minitemple
D:6:      layout_loops_ring, mainiacjoe_overflow_alcove_1,
          mainiacjoe_overflow_24_doors, minmay_diced_spiral,
          uniq_crazy_yiuf_cottage

Skill      XL: |  1  2  3  4  5  6 |
---------------+-------------------+-----
Necromancy     | 5 6 7 8 |  8.3
Spellcasting   | 3 4 |  4.5
Dodging        | |  1.7
Stealth        | |  1.7

Action                     |  1- 3 |  4- 6 |  7- 9 || total
---------------------------+-------+-------+-------++-------
  Melee: Dagger            |    39 |    76 |    19 ||   134
         Punch             |     1 |     2 |     1 ||     4
         Headbutt          |       |    15 |     6 ||    21
   Cast: Necrotise         |    43 |    62 |     8 ||   113
         Vampiric Draining |       |     6 |     6 ||    12
         Fugue of the Fall |       |     1 |       ||     1
  Evoke: Wand              |       |     3 |       ||     3
    Use: Scroll            |       |     2 |       ||     2
         Potion            |       |       |     2 ||     2
   Stab: Sleeping          |     1 |       |       ||     1
 Armour: Robe              |    21 |     1 |       ||    22
         Leather armour    |       |   131 |    40 ||   171
  Dodge: Dodged            |    49 |   118 |    28 ||   195

Table legend: (Time is in decaauts)
 A = Elapsed time spent in this place.
 B = Non-inter-level travel time spent in this place.
 C = Inter-level travel time spent in this place.
 D = Time resting spent in this place.
 E = Time spent auto-exploring this place.
 F = Levels seen in this place.
 G = Mean time per level.
                   A        B        C        D        E       F      G
               +--------+--------+--------+--------+--------+-----+--------+
         Total |   4580 |   4432 |    148 |      0 |   3711 |   6 |  763.3 |
       Dungeon |   4580 |   4432 |    148 |      0 |   3711 |   6 |  763.3 |
               +--------+--------+--------+--------+--------+-----+--------+

Top non-repeatable levels by time:
     D:5: 1552 daAuts
     D:2: 1028 daAuts
     D:1: 907 daAuts
     D:3: 642 daAuts
     D:6: 350 daAuts
     D:4: 97 daAuts
